BSA
PORTLAND PHILOSPHER KINGS @ CHICAGO MACHINE
05/16/2024
 
TOP OF THE 1ST
Portland Philospher Kings batting - Pitching for Chicago Machine : RHP Kiyomitsu Fujii
Pitching: RHP Kiyomitsu Fujii
Batting: RHB Dani Vázquez 0-0: Ball
1-0: Swinging Strike
1-1: Ball
2-1: SINGLE (Groundball, 6MD) (infield hit)
Batting: LHB Jeff Daniels 0-0: Ball
1-0: Ball
2-0: Foul Ball, location: 2F
2-1: Foul Ball, location: 2F
2-2: Grounds into double play, 6-4-3 (Groundball, 6M)
Batting: SHB José Alomar 0-0: Ball
1-0: Called Strike
1-1: Reached on error, E5 (Groundball, 5L)
Batting: LHB Tom Blake 0-0: Ball
1-0: Ball
2-0: Ball
3-0: Called Strike
3-1: Foul Ball, location: 2F
3-2: Base on Balls
Batting: LHB Paul Mullins 0-0: Called Strike
0-1: Ball
1-1: Foul Ball, location: 2F
1-2: Foul Ball, location: 2F
1-2: Ground out U3 (Groundball, 3L)
Top of the 1st over - 0 run(s), 1 hit(s), 1 error(s), 2 left on base; Portland 0 - Chicago 0
BOTTOM OF THE 1ST
Chicago Machine batting - Pitching for Portland Philospher Kings : RHP Jean Burrows
Pitching: RHP Jean Burrows
Batting: LHB Francisco Vega 0-0: Ground out U3 (Groundball, 3S)
Batting: SHB Joaquín López 0-0: Foul Ball, location: 2F
0-1: Ball
1-1: SINGLE (Groundball, 34D)
Batting: LHB Eric Wheeler 0-0: Ball
1-0: Ball
2-0: Fly out, F7 (Flyball, 78S)
Batting: LHB Bob Smith 0-0: Called Strike
Joaquín López steals 2nd base
0-1: Ground out 4-3 (Groundball, 4)
Bottom of the 1st over - 0 run(s), 1 hit(s), 0 error(s), 1 left on base; Portland 0 - Chicago 0
TOP OF THE 2ND
Portland Philospher Kings batting - Pitching for Chicago Machine : RHP Kiyomitsu Fujii
Batting: RHB Kazushige Aoki 0-0: Foul Ball, location: 2F
0-1: Called Strike
0-2: Strikes out swinging
Batting: LHB Keith Beard 0-0: Ball
1-0: Ground out 4-3 (Groundball, 4)
Batting: LHB Bill Bertrand 0-0: Ball
1-0: Called Strike
1-1: Called Strike
1-2: Ball
2-2: Ball
3-2: Strikes out swinging
Top of the 2nd over - 0 run(s), 0 hit(s), 0 error(s), 0 left on base; Portland 0 - Chicago 0
BOTTOM OF THE 2ND
Chicago Machine batting - Pitching for Portland Philospher Kings : RHP Jean Burrows
Batting: LHB Marcos Vargas 0-0: Ball
1-0: Foul Ball, location: 2F
1-1: Called Strike
1-2: Ball
2-2: Strikes out looking
Batting: RHB Roberto Cardona 0-0: Fly out, F8 (Flyball, 89D)
Batting: LHB Domingo Flores 0-0: Ball
1-0: Foul Ball, location: 2F
1-1: Foul Ball, location: 2F
1-2: Foul Ball, location: 2F
1-2: Fly out, F6 (Popup, 6)
Bottom of the 2nd over - 0 run(s), 0 hit(s), 0 error(s), 0 left on base; Portland 0 - Chicago 0
TOP OF THE 3RD
Portland Philospher Kings batting - Pitching for Chicago Machine : RHP Kiyomitsu Fujii
Batting: RHB Germán Rosales 0-0: Ground out 6-3 (Groundball, 6)
Batting: RHB Dani Vázquez 0-0: Foul Ball, location: 2F
0-1: Ball
1-1: Ball
2-1: Fly out, F9 (Flyball, 9M)
Batting: LHB Jeff Daniels 0-0: Called Strike
0-1: Ball
1-1: Fly out, F8 (Flyball, 8LD)
Top of the 3rd over - 0 run(s), 0 hit(s), 0 error(s), 0 left on base; Portland 0 - Chicago 0
BOTTOM OF THE 3RD
Chicago Machine batting - Pitching for Portland Philospher Kings : RHP Jean Burrows
Batting: RHB Fabrice Brodeur 0-0: Called Strike
0-1: Ground out U3 (Groundball, 3)
Batting: RHB Rick Ayliffe 0-0: Called Strike
0-1: Fly out, F9 (Flyball, 9S)
Batting: LHB Francisco Vega 0-0: Ball
1-0: Foul Ball, location: 2F
1-1: Ground out U3 (Groundball, 3)
Bottom of the 3rd over - 0 run(s), 0 hit(s), 0 error(s), 0 left on base; Portland 0 - Chicago 0
TOP OF THE 4TH
Portland Philospher Kings batting - Pitching for Chicago Machine : RHP Kiyomitsu Fujii
Batting: SHB José Alomar 0-0: Ball
1-0: Ball
2-0: Ground out 4-3 (Groundball, 34)
Batting: LHB Tom Blake 0-0: Ball
1-0: Ball
2-0: Ball
3-0: Base on Balls
Batting: LHB Paul Mullins 0-0: Ball
1-0: Ball
2-0: SINGLE (Groundball, 6M)
Tom Blake to second
Runner from 2nd tries for 3rd, SAFE, throw made to third
Batting: RHB Kazushige Aoki 0-0: Swinging Strike
0-1: Ball
1-1: Fly out, F4 (Popup, 4MD)
Batting: LHB Keith Beard 0-0: Ground out 4-3 (Groundball, 4)
Top of the 4th over - 0 run(s), 1 hit(s), 0 error(s), 2 left on base; Portland 0 - Chicago 0
BOTTOM OF THE 4TH
Chicago Machine batting - Pitching for Portland Philospher Kings : RHP Jean Burrows
Batting: SHB Joaquín López 0-0: Fly out, F5 (Popup, 5SF)
Batting: LHB Eric Wheeler 0-0: Ball
1-0: Called Strike
1-1: Ground out 4-3 (Groundball, 4)
Batting: LHB Bob Smith 0-0: Called Strike
0-1: Called Strike
0-2: Ball
1-2: Fly out, F8 (Flyball, 8LXD)
Bottom of the 4th over - 0 run(s), 0 hit(s), 0 error(s), 0 left on base; Portland 0 - Chicago 0
TOP OF THE 5TH
Portland Philospher Kings batting - Pitching for Chicago Machine : RHP Kiyomitsu Fujii
Batting: LHB Bill Bertrand 0-0: Called Strike
0-1: Ball
1-1: Foul Ball, location: 2F
1-2: Ball
2-2: Ball
3-2: Base on Balls
Batting: RHB Germán Rosales 0-0: Ball
Passed Ball!
Bill Bertrand to second
1-0: TRIPLE (Flyball, 78XD)
Bill Bertrand scores
Batting: RHB Dani Vázquez 0-0: Called Strike
0-1: Ball
1-1: Ball
2-1: Ball
3-1: Ground out 4-3 (Groundball, 4M)
Germán Rosales scores
Batting: LHB Jeff Daniels 0-0: Ball
1-0: Ball
2-0: Ball
3-0: Base on Balls
Batting: SHB José Alomar 0-0: Ball
1-0: Called Strike
1-1: 2-RUN HOME RUN (Flyball, 9D), Distance : 396 ft
Batting: LHB Tom Blake 0-0: Ball
1-0: Ball
2-0: Ball
3-0: Called Strike
3-1: Foul Ball, location: 2F
3-2: Base on Balls
Batting: LHB Paul Mullins 0-0: Ball
1-0: Ball
2-0: Ball
3-0: Base on Balls
Tom Blake to second
Batting: RHB Kazushige Aoki 0-0: Called Strike
0-1: Grounds into double play, U4-3 (Groundball, 4M)
Top of the 5th over - 4 run(s), 2 hit(s), 0 error(s), 1 left on base; Portland 4 - Chicago 0
BOTTOM OF THE 5TH
Chicago Machine batting - Pitching for Portland Philospher Kings : RHP Jean Burrows
Batting: LHB Marcos Vargas 0-0: Called Strike
0-1: Ball
1-1: Fly out, F8 (Flyball, 8LM)
Batting: RHB Roberto Cardona 0-0: Ball
1-0: Called Strike
1-1: Called Strike
1-2: Ground out 4-3 (Groundball, 4MS)
Batting: LHB Domingo Flores 0-0: Ball
1-0: Ball
2-0: Called Strike
2-1: Ball
3-1: Swinging Strike
3-2: TRIPLE (Flyball, 8RS)
Batting: RHB Fabrice Brodeur 0-0: Called Strike
0-1: Swinging Strike
0-2: Strikes out swinging
Bottom of the 5th over - 0 run(s), 1 hit(s), 0 error(s), 1 left on base; Portland 4 - Chicago 0
TOP OF THE 6TH
Portland Philospher Kings batting - Pitching for Chicago Machine : RHP Kiyomitsu Fujii
Batting: LHB Keith Beard 0-0: Swinging Strike
0-1: Fly out, F6 (Popup, 56)
Batting: LHB Bill Bertrand 0-0: Ball
1-0: Fly out, F7 (Flyball, 78S)
Batting: RHB Germán Rosales 0-0: SINGLE (Line Drive, 6M)
Batting: RHB Dani Vázquez 0-0: Ball
1-0: Ball
2-0: Foul Ball, location: 2F
2-1: Ball
3-1: Called Strike
3-2: Foul Ball, location: 2F
3-2: Fly out, F7 (Flyball, 78D)
Top of the 6th over - 0 run(s), 1 hit(s), 0 error(s), 1 left on base; Portland 4 - Chicago 0
BOTTOM OF THE 6TH
Chicago Machine batting - Pitching for Portland Philospher Kings : RHP Jean Burrows
Batting: RHB Rick Ayliffe 0-0: Called Strike
0-1: Ball
1-1: Ball
2-1: Fly out, F7 (Flyball, 7M)
Batting: LHB Francisco Vega 0-0: Called Strike
0-1: SOLO HOME RUN (Flyball, 78XD), Distance : 430 ft
Batting: SHB Joaquín López 0-0: Ball
1-0: Ball
2-0: Ball
3-0: Called Strike
3-1: Foul Ball, location: 2F
3-2: Foul Ball, location: 2F
3-2: Ground out 5-3 (Groundball, 5S)
Batting: LHB Eric Wheeler 0-0: Called Strike
0-1: Ball
1-1: Ball
2-1: Ball
3-1: Base on Balls
Batting: LHB Bob Smith 0-0: SINGLE (Groundball, 34D)
Eric Wheeler to second
Runner from 2nd tries for 3rd, SAFE, throw made to third
Batting: LHB Marcos Vargas 0-0: Fly out, F3 (Line Drive, 3)
Bottom of the 6th over - 1 run(s), 2 hit(s), 0 error(s), 2 left on base; Portland 4 - Chicago 1
TOP OF THE 7TH
Portland Philospher Kings batting - Pitching for Chicago Machine : RHP Kiyomitsu Fujii
Pitching: RHP Alberto Vásquez
Batting: LHB Jeff Daniels 0-0: Swinging Strike
0-1: Ball
1-1: Swinging Strike
1-2: Ground out 4-3 (Groundball, 4)
Batting: SHB José Alomar 0-0: Called Strike
0-1: Foul Ball, location: 2F
0-2: Ball
1-2: SINGLE (Groundball, 34D)
Batting: LHB Tom Blake 0-0: Ball
José Alomar steals 2nd base
1-0: Ball
2-0: Foul Ball, location: 2F
2-1: Foul Ball, location: 2F
2-2: Ball
3-2: Fly out, F6 (Line Drive, 6)
Batting: LHB Paul Mullins 0-0: Called Strike
0-1: Ball
1-1: Ball
2-1: Ball
3-1: Called Strike
3-2: Foul Ball, location: 2F
3-2: SINGLE (Groundball, 56D)
José Alomar to third
José Alomar scores
Batting: RHB Kazushige Aoki 0-0: Called Strike
0-1: Hit by Pitch
Paul Mullins to second
Batting: LHB Keith Beard 0-0: Called Strike
0-1: Ball
1-1: Fly out, F9 (Line Drive, 9M)
Top of the 7th over - 1 run(s), 2 hit(s), 0 error(s), 2 left on base; Portland 5 - Chicago 1
BOTTOM OF THE 7TH
Chicago Machine batting - Pitching for Portland Philospher Kings : RHP Jean Burrows
Batting: RHB Roberto Cardona 0-0: Ball
1-0: Ball
2-0: Ball
3-0: Called Strike
3-1: Called Strike
3-2: Strikes out swinging
Batting: LHB Domingo Flores 0-0: Ball
1-0: Bunt missed!
1-1: Ball
2-1: Ball
3-1: Called Strike
3-2: Foul Ball, location: 2F
3-2: Base on Balls
Batting: RHB Fabrice Brodeur 0-0: Called Strike
0-1: Ball
1-1: Ball
2-1: Foul Ball, location: 2F
2-2: Foul Ball, location: 2F
2-2: Ball
3-2: Foul Ball, location: 2F
3-2: Foul Ball, location: 2F
3-2: Foul Ball, location: 2F
3-2: SINGLE (Line Drive, 78S)
Domingo Flores to second
Batting: RHB Rick Ayliffe 0-0: Called Strike
Domingo Flores steals 3rd base
Fabrice Brodeur to second
0-1: Ball
1-1: Called Strike
1-2: Ground out 4-3 (Groundball, 4M)
Domingo Flores scores
Fabrice Brodeur to third
Batting: LHB Francisco Vega 0-0: Called Strike
0-1: Ball
Wild Pitch!
Fabrice Brodeur scores
1-1: SOLO HOME RUN (Flyball, 9D), Distance : 409 ft
Batting: SHB Joaquín López 0-0: Foul Ball, location: 2F
0-1: Foul Ball, location: 2F
0-2: Fly out, F8 (Flyball, 78M)
Bottom of the 7th over - 3 run(s), 2 hit(s), 0 error(s), 0 left on base; Portland 5 - Chicago 4
TOP OF THE 8TH
Portland Philospher Kings batting - Pitching for Chicago Machine : RHP Alberto Vásquez
Batting: LHB Bill Bertrand 0-0: Swinging Strike
0-1: Ball
1-1: Called Strike
1-2: Strikes out looking
Batting: RHB Germán Rosales 0-0: Ball
1-0: Ball
2-0: Swinging Strike
2-1: Called Strike
2-2: Strikes out swinging
Batting: RHB Dani Vázquez 0-0: Called Strike
0-1: Foul Ball, location: 2F
0-2: Fly out, F8 (Flyball, 8RS)
Top of the 8th over - 0 run(s), 0 hit(s), 0 error(s), 0 left on base; Portland 5 - Chicago 4
BOTTOM OF THE 8TH
Chicago Machine batting - Pitching for Portland Philospher Kings : RHP Jean Burrows
Pitching: LHP Yu-shu Kong
Batting: LHB Eric Wheeler 0-0: Called Strike
0-1: Ground out 1-3 (Groundball, 15)
Batting: LHB Bob Smith 0-0: Called Strike
0-1: Ground out 4-3 (Groundball, 4)
Batting: LHB Marcos Vargas 0-0: SOLO HOME RUN (Flyball, 89XD), Distance : 427 ft
Batting: RHB Roberto Cardona 0-0: Ball
1-0: Foul Ball, location: 2F
1-1: Ball
2-1: Ball
3-1: Foul Ball, location: 2F
3-2: SOLO HOME RUN (Flyball, 7D), Distance : 405 ft
Batting: LHB Domingo Flores 0-0: Ball
1-0: Ball
2-0: Foul Ball, location: 2F
2-1: Ball
3-1: Called Strike
3-2: Base on Balls
Batting: RHB Fabrice Brodeur 0-0: Swinging Strike
0-1: Swinging Strike
0-2: Ball
Throwing error on steal attempt, E2
Domingo Flores to third
1-2: Ball
2-2: Ball
3-2: Fly out, F9 (Flyball, 89S)
Bottom of the 8th over - 2 run(s), 2 hit(s), 1 error(s), 1 left on base; Portland 5 - Chicago 6
TOP OF THE 9TH
Portland Philospher Kings batting - Pitching for Chicago Machine : RHP Alberto Vásquez
Pitching: LHP Valentín Reséndez
Now at 1B: Derek Ramsey
Batting: LHB Jeff Daniels 0-0: Ball
1-0: Called Strike
1-1: Foul Ball, location: 2F
1-2: SOLO HOME RUN (Flyball, 9D), Distance : 398 ft
Batting: SHB José Alomar 0-0: Called Strike
0-1: Foul Ball, location: 2F
0-2: Foul Ball, location: 2F
0-2: Ball
1-2: Foul Ball, location: 2F
1-2: Foul Ball, location: 2F
1-2: Strikes out swinging
Pinch Hitting: RHB Paco Arellano 0-0: Foul Ball, location: 2F
0-1: Swinging Strike
0-2: Strikes out looking
Batting: LHB Paul Mullins 0-0: Ground out U3 (Groundball, 3)
Top of the 9th over - 1 run(s), 1 hit(s), 0 error(s), 0 left on base; Portland 6 - Chicago 6
BOTTOM OF THE 9TH
Chicago Machine batting - Pitching for Portland Philospher Kings : LHP Yu-shu Kong
Now in RF: Paco Arellano
Batting: RHB Rick Ayliffe 0-0: Called Strike
0-1: Swinging Strike
0-2: Ball
1-2: Ball
2-2: Foul Ball, location: 2F
2-2: Strikes out swinging
Batting: LHB Francisco Vega 0-0: Fly out, F7 (Line Drive, 78D)
Batting: SHB Joaquín López 0-0: SINGLE (Flyball, 7S)
Batting: LHB Eric Wheeler 0-0: Ball
1-0: Fly out, F7 (Flyball, 78XD)
Bottom of the 9th over - 0 run(s), 1 hit(s), 0 error(s), 1 left on base; Portland 6 - Chicago 6
TOP OF THE 10TH
Portland Philospher Kings batting - Pitching for Chicago Machine : LHP Valentín Reséndez
Batting: RHB Kazushige Aoki 0-0: Foul Ball, location: 2F
0-1: Foul Ball, location: 2F
0-2: Ball
1-2: Ball
2-2: Foul Ball, location: 2F
2-2: Ground out U3 (Groundball, 3S)
Batting: LHB Keith Beard 0-0: SINGLE (Line Drive, 4MD)
Batting: LHB Bill Bertrand 0-0: Swinging Strike
0-1: Ball
1-1: Ball
2-1: Ball
3-1: Called Strike
3-2: Foul Ball, location: 2F
3-2: Strikes out looking
Keith Beard is caught stealing 2nd base
Batter strikes out.
Top of the 10th over - 0 run(s), 1 hit(s), 0 error(s), 0 left on base; Portland 6 - Chicago 6
BOTTOM OF THE 10TH
Chicago Machine batting - Pitching for Portland Philospher Kings : LHP Yu-shu Kong
Batting: RHB Derek Ramsey 0-0: DOUBLE (Flyball, 89D)
Pinch Hitting: RHB Arturo García 0-0: Ball
1-0: Fly out, F7 (Flyball, 7D)
Runner from 2nd tags up, SAFE at 3rd, no throw
Batting: RHB Roberto Cardona 0-0: Intentional Walk
Pinch Hitting: LHB Luis Espinoza 0-0: Foul Ball, location: 2F
0-1: Ball
1-1: Swinging Strike
1-2: Foul Ball, location: 2F
1-2: 3-RUN HOME RUN (Flyball, 9D), Distance : 409 ft
This league is powered by Out of the Park Baseball, the baseball management simulation game for PC, Mac and Linux
Saturday, April 9th, 2016 - OOTP Baseball 16.8 Build 38